 Dungeon Crawl Stone Soup version 0.17-a0-1421-g95311d7 (webtiles) character file.

977 urechis the Martial Artist (level 8, 0/48 HPs)
             Began as a Vine Stalker Monk on June 24, 2015.
             Slain by an orc warrior
             ... wielding a cursed -1 dire flail
              (10 damage)
             ... on level 5 of the Dungeon.
             The game lasted 00:09:56 (4010 turns).

urechis the Martial Artist (Vine Stalker Monk)      Turns: 4010, Time: 00:09:56

Health: 0/48       AC:  5    Str: 16 (18) XL:     8   Next: 17%
Magic:  0/9        EV: 13    Int:  8 (10) God:
Gold:   285        SH:  0    Dex: 19      Spells: 0 memorised, 7 levels left

rFire  + . .     SeeInvis .       - Unarmed
rCold  x . .     Clarity  .     o - +0 leather armour
rNeg   . . .     SustAt   .     (no shield)
rPois  .         Gourm    .     p - +0 helmet
rElec  .         Spirit   +     (no cloak)
rCorr  .         Warding  .     s - +0 pair of gloves
rMut   .         Stasis   .     (no boots)
MR     +....                    (no amulet)
Stlth  ++........               v - +4 ring of strength
                                h - ring of fire

@: somewhat resistant to hostile enchantments, unstealthy
A: fangs 3, deterioration 1, regeneration 2, robust 1, magic shield, antimagic
bite, no device heal 3, rot immunity
a: no special abilities


You were on level 5 of the Dungeon.
You were very hungry.

You visited 2 branches of the dungeon, and saw 7 of its levels.

You collected 285 gold pieces.

Inventory:

Missiles
 w - a throwing net (quivered)
Armour
 o - a +0 leather armour (worn)
 p - a +0 helmet (worn)
 s - a +0 pair of gloves (worn)
Jewellery
 h - a ring of fire (left hand)
 v - a +4 ring of strength (right hand)
Magical devices
 x - a wand of confusion (34)
Scrolls
 d - 9 scrolls of identify {unknown}
 i - a scroll of teleportation {unknown}
 k - 4 scrolls of remove curse {unknown}
 m - 2 scrolls of random uselessness {unknown}
 q - a scroll of fear {unknown}
 r - a scroll of blinking {unknown}
 u - a scroll of amnesia {unknown}
 y - 2 scrolls of noise {unknown}
 z - a scroll of immolation {unknown}
Potions
 a - a potion of agility {unknown}
 e - a potion of flight {unknown}
 f - a potion of mutation {unknown}
 g - 2 potions of brilliance {unknown}
 j - 5 potions of curing {unknown}
 l - 2 potions of haste {unknown}
 n - 2 potions of heal wounds {unknown}
Comestibles
 b - 2 bread rations
 c - 2 royal jellies
 t - 2 beef jerkies
 A - a fruit


   Skills:
 + Level 5.4 Fighting
 - Level 2.4 Dodging
 - Level 2.4 Stealth
 * Level 8.6 Unarmed Combat


You had 7 spell levels left.
You didn't know any spells.

Dungeon Overview and Level Annotations

Branches:
Dungeon (6/15)             Temple (1/1) D:5

Altars:
Ashenzari
Dithmenos
Elyvilon
Fedhas
Kikubaaqudgha
Makhleb
Nemelex Xobeh
Okawaru
Qazlal
Sif Muna
Trog
Vehumet
Xom
Yredelemnul
Zin
The Shining One

Shops:
D:4 }   D:5 (


Innate Abilities, Weirdness & Mutations

You have razor-sharp teeth.
You heal very quickly.
When hurt, damage is shared between your health and your magic reserves.
Your bite disrupts and absorbs the magic of your enemies.
Potions and wands cannot restore your health.
You are immune to rotting.
Your body sometimes deteriorates upon taking damage.
You are robust (+10% HP).


Message History

The orc warrior closely misses you. The orc barely misses you.
You punch the orc warrior!
The orc warrior is heavily wounded.
The orc warrior hits you with a dire flail!
* * * LOW HITPOINT WARNING * * *
Your body deteriorates!
You feel weakened. The orc hits you but does no damage.
You closely miss the orc warrior.
You bite the orc warrior, but do no damage.
The orc warrior is heavily wounded.
The orc warrior misses you.
You punch the orc warrior! You bite the orc warrior. You drain its power.
You feel invigorated.
The orc warrior is almost dead.
The orc hits you with a hand axe.
* * * LOW HITPOINT WARNING * * *
You barely miss the orc warrior. Your bite misses the orc warrior.
The orc warrior is almost dead.
The orc warrior hits you with a dire flail!
You die...

#....#..........#..........
###########..###'####+##..###'
##..########'####..##..##..###.
#......#........#......+.......
#......'........+......#.......
####....###.##+####.##..###'####+
..##....###.##..###.##..###..###.
..#............oo....#..#....#...
..'.............@....+..#....#...
..##.....##.....##...#..'....+...
..##.....##.....##..##..##...##..
.............................##..
.................####.####....#..
.........##......##.....##....#<.
.........##......#.......#....+..
...............<.#.......#....#..
....................._........#..


You could see an orc warrior and an orc.

Vanquished Creatures
  An ice beast (D:5)
  A sky beast (D:5)
  2 centaurs (D:5)
  2 scorpions (D:4)
  A crimson imp (D:5)
  A jelly (D:5)
  A giant frog skeleton (D:5)
  A hound (D:4)
  Terence (D:3)
  3 orc wizards
  3 worker ants (D:5)
  10 adders
  2 oozes (D:1)
  5 worms
  4 giant geckos
  14 orcs
  11 bats
  15 goblins
  13 hobgoblins
  6 jackals
  2 quokkas
  2 ball pythons (D:1)
  3 giant cockroaches
  6 giant newts
  12 kobolds
  A quokka skeleton (D:4)
  5 rats
128 creatures vanquished.

Notes
Turn   | Place    | Note
--------------------------------------------------------------
     0 | D:1      | urechis the Vine Stalker Monk began the quest for the Orb.
     0 | D:1      | Reached XP level 1. HP: 11/11 MP: 2/2
   136 | D:1      | Reached XP level 2. HP: 16/16 MP: 3/3
   335 | D:1      | Reached XP level 3. HP: 11/20 MP: 4/4
   818 | D:2      | Reached skill level 5 in Unarmed Combat
   823 | D:2      | Found a shadowy altar of Dithmenos.
  1172 | D:2      | Reached XP level 4. HP: 24/24 MP: 5/5
  1650 | D:3      | Reached XP level 5. HP: 16/28 MP: 2/6
  1746 | D:3      | Reached skill level 6 in Unarmed Combat
  1859 | D:3      | Noticed Terence
  1883 | D:3      | Killed Terence
  1988 | D:3      | Found a glowing golden altar of the Shining One.
  1992 | D:3      | Gained mutation: You heal very quickly. [Vine Stalker growth]
  1992 | D:3      | Reached XP level 6. HP: 29/33 MP: 5/7
  2622 | D:4      | Reached skill level 7 in Unarmed Combat
  2695 | D:4      | Found Yceubaugg's Gadget Shop.
  2955 | D:5      | Entered Level 5 of the Dungeon
  2969 | D:5      | Reached XP level 7. HP: 38/38 MP: 8/8
  3063 | D:5      | Found a blossoming altar of Fedhas.
  3075 | D:5      | Found Simeekh's Weapon Emporium.
  3227 | D:5      | Gained mutation: Your body sometimes deteriorates upon taking damage. [mutagenic meat]
  3228 | D:5      | Gained mutation: You are resistant to hostile enchantments. [mutagenic meat]
  3229 | D:5      | Gained mutation: You are robust (+10% HP). [mutagenic meat]
  3230 | D:5      | Lost mutation: You are resistant to hostile enchantments. [mutagenic meat]
  3309 | D:5      | Found a basalt altar of Yredelemnul.
  3399 | D:5      | Reached skill level 5 in Fighting
  3399 | D:5      | Reached skill level 8 in Unarmed Combat
  3595 | D:5      | Gained mutation: You have razor-sharp teeth. [Vine Stalker growth]
  3595 | D:5      | Reached XP level 8. HP: 27/47 MP: 7/9
  3615 | D:5      | Found a staircase to the Ecumenical Temple.
  3784 | Temple   | Entered the Ecumenical Temple
  4010 | D:5      | Slain by an orc warrior

Vault maps used:
D:1:      wheals_arrival_shading, serial_bayou_ford_a,
          minmay_misc_feat_ornament, minmay_misc_feat_x,
          minmay_misc_feat_secret_circle, minmay_close_crescents
D:2:      old_standard_altar, grunt_decor_one_mirror
D:3:      tso_altar, lemuel_another_geyser, uniq_terence
D:4:      first_bread, serial_shops, shop, minmay_misc_feat_tower, st_stairs_8
D:5:      kennysheep_mini_moat, old_standard_altar,
          minmay_temple_entry_nine_rooms, serial_shops,
          nicolae_shop_window_shopping
D:6:      serial_shops, kennysheep_mini, minmay_misc_feat_iff
Temple:   circular_temple_12

Action                   |  1- 3 |  4- 6 |  7- 9 || total
-------------------------+-------+-------+-------++-------
Melee: Unarmed           |    77 |   226 |    98 ||   401
 Stab: Sleeping          |     4 |     5 |     2 ||    11
       Distracted        |     1 |       |       ||     1
  Eat: Chunk             |       |     6 |     7 ||    13
